Map: Catalyst LE

Players

sOs - Winner!

  • Race: Protoss Protoss
  • Spawn Location: 11:00

Trap

  • Race: Protoss Protoss
  • Spawn Location: 5:00

Event: IEM Season 12 - Katowice

VOD

Have the link to the VOD?

Description

Time

  • Played on: March 2, 2018, 12:30 p.m.
  • Length: 4:55

All games in this series

Show
View Real Time Build Order
Export as new Build Order

sOs Protoss - Winner!

Build Orders:  

Get SALT Encoding   

  12  0:00  Probe  
  13  0:12  Probe  
  14  0:16  Pylon  
  14  0:24  Probe (Chrono Boost)  
  15  0:37  Probe (Chrono Boost), Gateway  
  16  0:44  Probe (Chrono Boost)  
  16  0:46  Assimilator  
  17  0:51  Probe (Chrono Boost)  
  17  0:55  Assimilator  
  18  1:03  Probe (Chrono Boost)  
  20  1:12  Probe (Chrono Boost)  
  20  1:15  Gateway  
  20  1:17  Probe  
  20  1:24  Cybernetics Core  
  21  1:29  Probe  
  22  1:33  Pylon  
  22  1:41  Probe  
  23  1:53  Probe  
  24  1:57  Warp Gate (Chrono Boost)  
  24  2:01  Adept  
  26  2:02  Adept  
  26  2:08  Pylon  
  28  2:28  Stalker  
  28  2:29  Stalker  
  32  2:49  Nexus  
  32  2:59  Stalker  
  34  3:06  Stalker  
  36  3:22  Pylon  
  36  3:26  Robotics Facility  
  36  3:47  Shield Battery  
  35  3:51  Stalker  
  35  3:53  Stalker  
  36  4:10  Probe  
  36  4:15  Observer (Chrono Boost)  
  38  4:22  Probe  
  37  4:27  Stalker x2  
  41  4:33  Probe  
  41  4:34  Probe  
  41  4:37  Observer (Chrono Boost)  
  41  4:53  Stalker x2  
Show
View Real Time Build Order
Export as new Build Order

Trap Protoss 

Build Orders: Dark Templar Rush 

Get SALT Encoding   

  12  0:00  Probe  
  13  0:12  Probe  
  14  0:17  Pylon  
  14  0:25  Probe (Chrono Boost)  
  15  0:37  Probe (Chrono Boost), Gateway  
  16  0:45  Probe (Chrono Boost)  
  17  0:51  Probe (Chrono Boost)  
  17  0:54  Assimilator  
  18  0:57  Assimilator  
  18  1:03  Probe (Chrono Boost)  
  19  1:09  Gateway  
  20  1:11  Probe (Chrono Boost)  
  20  1:17  Probe  
  20  1:24  Cybernetics Core  
  21  1:29  Probe  
  22  1:35  Pylon  
  22  1:41  Probe  
  23  1:53  Probe  
  24  2:01  Sentry, Stalker  
  28  2:02  Warp Gate  
  28  2:16  Pylon  
  28  2:22  Twilight Council  
  28  2:23  Pylon  
  28  2:31  Stalker  
  30  2:51  Nexus  
  30  2:59  Dark Shrine  
  30  3:03  Shield Battery  
  29  3:08  Dark Shrine  
  29  3:15  Stalker  
  31  3:25  Shield Battery  
  31  3:40  Shield Battery  
  32  3:41  Probe  
  30  3:53  Probe  
  29  4:00  Pylon, Shield Battery  
  27  4:04  Stalker x2  
  27  4:05  Probe  
  29  4:17  Probe  
  24  4:25  Dark Templar  
  24  4:29  Dark Templar  
  23  4:37  Probe  

Tags
 
Add a new tag
Caveats
  • Supply blocks, unpowered buildings, or Contaminate may cause inaccurate times.
  • Supply counts are checked every 10 seconds.